 Dungeon Crawl Stone Soup version 0.24.0-13-gcf9b3192b9 (webtiles) character file.

Game seed: 17024248961052652818, levelgen mode: deterministic

133 ElTigreChino the Skirmisher (level 4, -3/41 HPs)
             Began as a Minotaur Fighter on Nov 7, 2019.
             Slain by a gnoll
             ... wielding a +0 spear
              (4 damage)
             ... on level 2 of the Dungeon.
             The game lasted 00:25:37 (1574 turns).

ElTigreChino the Skirmisher (Minotaur Fighter)      Turns: 1574, Time: 00:25:37

Health: -3/41      AC:  8    Str: 21    XL:     4   Next: 94%
Magic:  3/3        EV:  8    Int:  5    God:
Gold:   161        SH:  9    Dex: 10    Spells: 3/3 levels left

rFire    . . .     SeeInvis .   a - +0 long sword
rCold    . . .     Gourm    .   c - +0 shield
rNeg     . . .     Faith    .   b - +0 scale mail
rPois    +         Spirit   .   (helmet restricted)
rElec    .         Reflect  .   (no cloak)
rCorr    .         Harm     .   (no gloves)
MR       +....                  l - +0 pair of boots
Stlth    ..........             (no amulet)
HPRegen  0.13/turn              o - ring of poison resistance
MPRegen  0.08/turn              g - ring of protection from magic

@: no status effects
A: retaliatory headbutt, horns 2
a: no special abilities


You were on level 2 of the Dungeon.
You were not hungry.

You visited 1 branch of the dungeon, and saw 4 of its levels.

You collected 161 gold pieces.

Inventory:

Hand Weapons
 a - a +0 long sword (weapon)
Armour
 b - a +0 scale mail (worn)
 c - a +0 shield (worn)
 l - a +0 pair of boots (worn)
Jewellery
 g - a ring of protection from magic (right hand)
 o - a ring of poison resistance (left hand)
Scrolls
 e - 3 scrolls of identify
 h - 2 scrolls of immolation {unknown}
 i - a scroll of teleportation {unknown}
 k - a scroll of remove curse {unknown}
 n - a scroll of enchant weapon {unknown}
 p - a scroll of amnesia {unknown}
Potions
 d - a potion of might
 j - a potion of curing {unknown}
 m - 2 potions of lignification {unknown}
Comestibles
 f - a ration


   Skills:
 + Level 4.5 Fighting
 * Level 4.1 Long Blades
 + Level 4.2 Armour
 + Level 1.5 Dodging
 + Level 4.2 Shields


You had 3 spell levels left.
You didn't know any spells.
Your spell library was empty.

Dungeon Overview and Level Annotations

Branches:
Dungeon (4/15)
 Temple: D:4-7

Altars:


Innate Abilities, Weirdness & Mutations

You reflexively headbutt those who attack you in melee.
You have a pair of horns on your head.


Message History

A gnoll comes into view. It is wielding a +0 club.
The gnoll barely misses you.
The gnoll hits you from afar with a +0 spear.
You hit the gnoll.
The gnoll is moderately wounded.
The gnoll hits you from afar with a +0 spear.
You hit the gnoll. Your headbutt misses the gnoll.
The gnoll is moderately wounded.
The gnoll hits you but does no damage.
The gnoll hits you from afar with a +0 spear.
A leopard gecko comes into view.
You hit the gnoll.
The gnoll is almost dead.
The gnoll hits you with a +0 club.
* * * LOW HITPOINT WARNING * * *
The gnoll hits you from afar with a +0 spear.
* * * LOW HITPOINT WARNING * * *
The gnoll closely misses you.
The gnoll hits you from afar with a +0 spear.
You die...

##÷####### #..# #
#........# ##.## #
#####........#
#..# #
#...'........#
##.## #
#.###........#
#..# #
#.#.##########
##.# #
#####.#<.....#
#.##
#............#####
#..#
#............@ggl#
##.###
#...........####g#
#..#.
##########.## #.#
##.#. #.# #.# #..†
#.# #.# ##.. ..#
#g# #.. ### #g#
##. ... #) ....#
##


You could see 3 gnolls and a leopard gecko.

Vanquished Creatures
  An orc wizard (D:4)
  4 gnolls (D:2)
  An adder (D:3)
  2 worms
  4 dart slugs
  2 leopard geckos
  3 orcs
  2 ball pythons
  5 goblins
  2 hobgoblins (D:3)
  9 kobolds
  A quokka (D:2)
  2 bats (D:2)
  2 frilled lizards
  5 rats
45 creatures vanquished.

Notes
Turn   | Place    | Note
-------+----------+-------------------------------------------
     0 | D:1      | ElTigreChino the Minotaur Fighter began the quest for the
                  | Orb.
     0 | D:1      | Reached XP level 1. HP: 19/19 MP: 0/0
   300 | D:1      | Reached XP level 2. HP: 27/27 MP: 1/1
  1105 | D:2      | Reached XP level 3. HP: 33/33 MP: 2/2
  1137 | D:2      | You fall into a shaft and drop 2 floors!
  1145 | D:4      | Reached skill level 1 in Dodging
  1145 | D:4      | Reached XP level 4. HP: 40/40 MP: 3/3
  1574 | D:2      | HP: 1/41 [gnoll/+0 spear (6)]
  1574 | D:2      | Slain by a gnoll

Levels and vault maps discovered:
D:1:      evilmike_arrival_come_back, layout_basic, minmay_misc_feat_cross,
          minivault_26, minmay_crystal_water, hangedman_decor_diamond_cutter,
          hex_tiny
D:2:      layout_basic
D:3:      layout_basic, lemuel_doored_altar, small_statue_alley_b, led_sif_book
D:4:      layout_basic, first_ration, gammafunk_ghost_stat_death,
          minmay_statues_item

Skill      XL: |  1  2  3  4 |
---------------+-------------+-----
Fighting       | 4 |  4.5
Long Blades    | 3 4 |  4.1
Armour         | 4 |  4.2
Dodging        | 1 |  1.5
Shields        | 4 |  4.2

Action                   |  1- 3 |  4- 6 || total
-------------------------+-------+-------++-------
Melee: Long sword        |    62 |    48 ||   110
       Headbutt          |     7 |    11 ||    18
  Use: Scroll            |       |     2 ||     2
  Eat: Chunk             |       |     2 ||     2
Armor: Scale mail        |    20 |    11 ||    31
Dodge: Dodged            |    17 |    13 ||    30
Block: Shield            |    18 |    21 ||    39
       Rpst.: Long sword |     4 |     2 ||     6
